Map: Lightshade LE

Players

Lambo - Winner!

  • Race: Zerg Zerg
  • League: Master
  • Spawn Location: 5:00

AGOElazer (Elazer)

  • Race: Zerg Zerg
  • Spawn Location: 11:00

Event: DreamHack SC2 Masters 2020 Winter

VOD

Have the link to the VOD?

Description

Time

  • Played on: Nov. 3, 2020, 12:29 p.m.
  • Length: 9:55

All games in this series

Show
View Real Time Build Order
Export as new Build Order

Lambo Zerg - Winner!

Build Orders: Pool First 

Get SALT Encoding   

  12  0:16  Spawning Pool  
  11  0:21  Drone  
  11  0:26  Drone  
  13  0:30  Drone  
  14  0:40  Overlord  
  14  1:03  Zergling x4  
  16  1:04  Zergling x2  
  17  1:15  Zergling x2  
  17  1:17  Hatchery  
  17  1:26  Zergling x2  
  17  1:32  Queen  
  20  1:36  Drone  
  21  1:48  Overlord  
  21  2:01  Drone  
  22  2:08  Queen  
  24  2:12  Drone  
  23  2:25  Drone  
  23  2:28  Extractor  
  23  2:29  Queen, Zergling x2  
  23  2:40  Zergling x2  
  23  2:41  Drone x2  
  26  2:45  Drone  
  26  2:47  Drone x2  
  29  2:58  Drone x2  
  31  3:05  Overlord  
  31  3:08  Drone  
  32  3:15  Drone x3  
  32  3:19  Drone  
  36  3:25  Evolution Chamber  
  36  3:26  Drone x2  
  37  3:31  Roach Warren  
  36  3:38  Drone  
  36  3:40  Metabolic Boost  
  37  3:41  Drone  
  37  3:45  Drone  
  37  3:46  Drone  
  37  3:48  Drone  
  41  3:52  Overlord  
  41  3:55  Drone  
  42  3:59  Drone  
  42  4:00  Drone  
  42  4:02  Overlord  
  43  4:16  Hatchery, Zergling x2  
  43  4:19  Zergling x4  
  43  4:22  Zergling x2  
  43  4:23  Zergling x2  
  47  4:26  Zergling x2  
  47  4:27  Zergling x4  
  50  4:33  Zerg Ground Armor Level 1, Zergling x2  
  50  4:35  Zergling x2  
  52  4:39  Zergling x4  
  52  4:44  Overlord  
  54  4:46  Zergling x4  
  54  4:49  Extractor  
  54  4:50  Extractor  
  54  4:57  Drone x3  
  54  4:59  Drone x2  
  59  5:01  Overlord  
  59  5:11  Drone x2  
  59  5:12  Lair  
  59  5:14  Drone x2, Evolution Chamber  
  63  5:15  Drone  
  70  5:28  Roach x4  
  66  5:36  Roach x2  
  66  5:41  Roach x2  
  69  5:48  Drone x3  
  69  5:49  Drone  
  73  5:50  Drone  
  73  5:54  Roach x2  
  73  5:55  Drone  
  79  6:01  Roach  
  79  6:02  Zergling x2  
  82  6:09  Overlord  
  82  6:10  Overlord  
  81  6:12  Zerg Missile Weapons Level 1  
  76  6:20  Glial Reconstitution  
  76  6:22  Extractor  
  76  6:25  Roach x2  
  79  6:27  Zergling x8, Roach  
  84  6:33  Zergling x12  
  89  6:41  Roach x2  
  91  6:48  Roach x2  
  95  6:54  Roach  
  95  6:58  Overlord  
  97  7:02  Overlord  
  97  7:04  Overlord  
  97  7:06  Overlord  
  97  7:08  Overlord  
  97  7:12  Overlord  
  97  7:13  Overlord  
  96  7:24  Roach x4  
  96  7:27  Roach  
  100  7:32  Roach x2  
  100  7:33  Roach  
  100  7:36  Roach  
  99  7:43  Drone x5  
  102  7:47  Ravager  
  102  7:48  Roach  
  105  7:55  Ravager  
  106  7:59  Roach  
  106  8:00  Roach  
  106  8:01  Drone  
  106  8:02  Drone  
  112  8:06  Roach x2  
  112  8:10  Roach  
  112  8:12  Zergling x2  
  119  8:16  Roach x2  
  119  8:18  Overseer  
  123  8:21  Roach  
  123  8:22  Roach x2  
  123  8:24  Roach  
  123  8:25  Overlord  
  131  8:29  Drone  
  131  8:30  Drone  
  131  8:31  Roach  
  135  8:35  Roach x2  
  135  8:38  Roach  
  141  8:45  Roach x4  
  141  8:48  Roach  
  151  8:50  Zergling x2  
  151  8:51  Ravager  
  153  8:59  Overlord  
  153  9:00  Zergling x2  
  154  9:05  Roach x4  
  154  9:08  Roach  
  154  9:09  Roach  
  144  9:11  Roach  
  144  9:14  Roach  
  135  9:18  Roach  
  135  9:22  Roach x2  
  132  9:24  Roach  
  132  9:26  Roach  
  132  9:30  Roach  
  126  9:33  Roach  
  126  9:34  Zergling x10  
Show
View Real Time Build Order
Export as new Build Order

AGOElazer Zerg 

Build Orders: Hatch First 

Get SALT Encoding   

  12  0:00  Drone  
  13  0:12  Overlord  
  13  0:16  Drone  
  14  0:31  Drone x2  
  16  0:47  Hatchery  
  15  0:51  Drone  
  15  0:54  Drone  
  17  0:57  Drone  
  18  1:08  Extractor  
  17  1:12  Spawning Pool  
  17  1:15  Drone  
  17  1:19  Drone  
  18  1:27  Drone  
  19  2:00  Queen x2, Zergling x8  
  27  2:16  Zergling x2  
  23  2:27  Drone x3  
  23  2:32  Drone x2  
  25  2:42  Overlord  
  25  2:50  Drone  
  25  3:00  Drone x2  
  25  3:03  Drone  
  28  3:08  Drone  
  28  3:10  Drone x5  
  34  3:13  Drone  
  34  3:16  Drone  
  36  3:23  Overlord  
  36  3:38  Evolution Chamber  
  36  3:39  Drone  
  36  3:42  Drone x6  
  42  3:51  Overlord  
  42  3:52  Drone  
  43  4:03  Zerg Ground Armor Level 1  
  43  4:06  Drone  
  43  4:08  Hatchery  
  43  4:13  Drone x5  
  48  4:18  Overlord  
  48  4:20  Drone x2  
  50  4:26  Drone x2  
  50  4:27  Extractor  
  51  4:33  Metabolic Boost  
  51  4:34  Roach Warren  
  51  4:37  Extractor  
  49  4:38  Overlord  
  49  4:41  Queen  
  53  4:45  Drone x3  
  53  4:48  Drone x3  
  56  4:53  Drone x2  
  56  4:56  Overlord  
  58  5:07  Zergling x2  
  58  5:08  Zergling x4  
  58  5:12  Spine Crawler  
  60  5:15  Zergling x6  
  60  5:16  Zergling x8  
  60  5:19  Evolution Chamber  
  66  5:24  Zergling x2  
  64  5:34  Zergling x6  
  58  5:38  Zergling x4  
  57  5:44  Queen  
  57  5:45  Zergling x2  
  60  5:51  Zergling x4  
  60  5:53  Zergling x8  
  66  6:02  Overlord  
  66  6:04  Roach  
  66  6:05  Roach  
  69  6:13  Roach x2  
  71  6:19  Overlord  
  71  6:20  Overlord  
  71  6:26  Roach  
  71  6:27  Roach x4  
  79  6:35  Overlord  
  79  6:37  Roach x2  
  80  6:42  Roach x2  
  80  6:44  Roach x4  
  89  6:47  Ravager x4  
  89  6:51  Roach x2  
  89  6:53  Roach x2  
  101  6:57  Roach  
  101  6:58  Roach  
  105  7:01  Overlord  
  105  7:07  Zergling x2  
  106  7:11  Overlord  
  105  7:16  Overlord  
  105  7:20  Zergling x12  
  108  7:33  Drone x6  
  108  7:34  Lair  
  93  7:38  Zerg Missile Weapons Level 1  
  93  7:42  Drone x3  
  95  7:46  Drone x2  
  95  7:48  Drone  
  98  7:56  Ravager  
  99  8:00  Drone x7  
  99  8:02  Extractor  
  105  8:08  Roach  
  105  8:11  Roach x4  
  114  8:16  Extractor  
  114  8:18  Drone x4  
  117  8:20  Extractor, Ravager  
  117  8:21  Roach x2  
  117  8:22  Roach  
  123  8:31  Roach x3  
  123  8:32  Glial Reconstitution  
  123  8:33  Overseer  
  129  8:36  Overlord  
  129  8:41  Overlord  
  129  8:47  Overlord  
  129  8:56  Roach x4  
  129  8:58  Overlord  
  133  9:06  Roach x6  
  126  9:15  Roach x9  
  123  9:19  Roach  
  112  9:29  Roach x3  
  103  9:34  Roach x2  
Tags
 
Add a new tag
Caveats
  • Supply blocks, unpowered buildings, or Contaminate may cause inaccurate times.
  • Supply counts are checked every 10 seconds.